 Dungeon Crawl Stone Soup version 0.29.0-11-gd7f09526c8 (webtiles) character file.

Game seed: 12579986854120318427

351 NinjaNoafa the Digger (level 6, -7/45 HPs)
             Began as a Draconian Wanderer on Sept 6, 2022.
             Was an Initiate of Qazlal.
             Killed by an exploding butterfly (15 damage)
             ... ignited by their inner flame
             ... in an ossuary.
             The game lasted 00:08:59 (3480 turns).

NinjaNoafa the Digger (Draconian Wanderer)          Turns: 3480, Time: 00:09:01

Health: -7/45      AC:  6    Str: 13    XL:     6   Next: 34%
Magic:  9/10       EV: 10    Int: 17    God:    Qazlal [......]
Gold:   149        SH:  4    Dex:  9    Spells: 9/11 levels left

rFire   + . .      SeeInvis +   m - +2 short sword (spect)
rCold   + . .      Faith    .   c - +0 buckler
rNeg    . . .      Spirit   .   (body armour unavailable)
rPois   .          Reflect  .   (helmet restricted)
rElec   .          Harm     .   a - scarf {rC+ rF+}
rCorr   .          Rampage  .   (no gloves)
Will    .....                   (no boots)
Stlth   +.........              (no amulet)
HPRegen 0.15/turn               e - ring of see invisible
MPRegen 0.12/turn               (no ring)

@: slowed, very slow
A: AC +6, unfitting armour, cold-blooded
a: Renounce Religion


You were in an ossuary.
You worshipped Qazlal.
Qazlal was noncommittal.
You visited 1 branch of the dungeon, and saw 4 of its levels.
You also visited: Ossuary.

You collected 149 gold pieces.

Inventory:

Hand Weapons
 m - a +2 spectral short sword (weapon)
Missiles
 f - 25 stones
 t - 3 curare-tipped darts
Armour
 a - a scarf of resistance (worn)
 c - a +0 buckler (worn)
 u - a scarf of invisibility
Jewellery
 e - a ring of see invisible (left hand)
Wands
 j - a wand of roots (13)
Scrolls
 g - a scroll of noise
 n - a scroll of teleportation {unknown}
 o - 2 scrolls of fear {unknown}
 q - a scroll of blinking {unknown}
 r - 2 scrolls of enchant armour {unknown}
 s - a scroll of acquirement {unknown}
Potions
 h - a potion of flight
 i - 2 potions of heal wounds
 p - 6 potions of curing


   Skills:
 - Level 3.0 Shields
 - Level 3.0 Spellcasting
 + Level 5.1 Necromancy
 - Level 5.2 Earth Magic


You had 9 spell levels left.
You knew the following spells:

 Your Spells              Type           Power      Damage    Failure   Level
a - Sandblast             Erth           40%        2d10      2%          1
b - Necrotise             Necr           76%        1d7       2%          1

Your spell library contained the following spells:

 Spells                   Type           Power      Damage    Failure   Level
 Vampiric Draining        Necr           19%        2d7       9%          3
 Stone Arrow              Conj/Erth      22%        3d8       24%         3
 Ensorcelled Hibernation  Hex/Ice        4%         N/A       34%         2
 Poisonous Vapours        Pois/Air       4%         N/A       34%         2
 Static Discharge         Conj/Air       2%         3-4/arc   34%         2
 Spider Form              Tmut/Pois      2%         N/A       56%         3
 Leda's Liquefaction      Hex/Erth       5%         N/A       61%         4
 Anguish                  Hex/Necr       5%         N/A       63%         4
 Corpse Rot               Necr/Pois/Air  8%         N/A       75%         4
 Lightning Bolt           Conj/Air       1%         1d12      99%         5
 Maxwell's Capacitive Co  Air            1%         ∞         100%        8


Dungeon Overview and Level Annotations

Branches:
Dungeon (4/15)            Ossuary (1/1)
 Temple: D:4-7

Altars:
Qazlal


Innate Abilities, Weirdness & Mutations

Your plain brown scales are hard. (AC +6)
You cannot fit into any form of body armour.
You are cold-blooded and may be slowed by cold attacks.


Message History

The fiery explosion engulfs your butterfly!!
Your butterfly disappears in a burst of colours!
The fiery explosion engulfs the wraith!!
Qazlal accepts your kill.
The wraith explodes!
The fiery explosion engulfs you! You resist.
* * * LOW HITPOINT WARNING * * *
Your butterfly explodes! x2
The fiery explosion engulfs your butterfly!
Your butterfly disappears in a burst of colours!
Your butterfly explodes!
The fiery explosion engulfs your butterfly!
Your butterfly disappears in a burst of colours!
The fiery explosion engulfs your butterfly!!!
Your butterfly disappears in a burst of colours!
Your butterfly explodes!
The fiery explosion engulfs your butterfly!!
Your butterfly disappears in a burst of colours!
The fiery explosion engulfs your butterfly!!
Your butterfly disappears in a burst of colours!
The fiery explosion engulfs your butterfly!!
Your butterfly disappears in a burst of colours!
Your butterfly explodes!
The fiery explosion engulfs your butterfly!!
Your butterfly disappears in a burst of colours!
Your butterfly explodes! x4
The fiery explosion engulfs your butterfly!!
Your butterfly disappears in a burst of colours!
Your butterfly explodes! x2
The fiery explosion engulfs your butterfly!!
Your butterfly disappears in a burst of colours!
Your butterfly explodes!
Your butterfly is engulfed in blazing flames.
Your butterfly disappears in a burst of colours!
Your butterfly explodes!
Your butterfly is engulfed in blazing flames.
Your butterfly disappears in a burst of colours!
Your butterfly explodes!
The fiery explosion engulfs you! You resist.
You die...

#..#+#..#+#..#'#..#'#..#
#..#.#..#.#..#.#..#.#..#
.............§§§§......#
...........§§§§§§......#
##......###§§§§§.####..#
+...8...# #§§§8§§.'.#..#
##......#+#§§§§§§####..#
........#.#§§§§§§§.....#
..........§§@§§§.......#
##.####.....####.####..#
+.. +...8...+ #..'.#..#
## ##.....####.####..#
..................#
.....#.#............#
......#+#......####..#
..8... #...8...+ #..#
......###......####..#


There were no monsters in sight!

Vanquished Creatures
  A wraith (Ossuary)
  An elf zombie (Ossuary)
  An elf skeleton (D:4)
  A human zombie (D:4)
  An orc priest (D:4)
  A mummy (Ossuary)
  7 gnolls (D:3)
  2 adders (D:2)
  A worm (D:2)
  A dart slug (D:3)
  6 orcs
  10 ball pythons
  6 bats
  6 endoplasms
  3 giant cockroaches
  A gnoll zombie (Ossuary)
  2 goblins
  3 hobgoblins
  2 quokkas
  3 frilled lizards
  2 goblin zombies (Ossuary)
  2 hobgoblin zombies (Ossuary)
  2 kobolds (D:1)
  A kobold zombie (Ossuary)
  An orc skeleton (D:4)
  2 orc zombies (D:4)
  3 rats (D:1)
72 creatures vanquished.

Notes
Turn   | Place    | Note
-------+----------+-------------------------------------------
     0 | D:1      | NinjaNoafa the Draconian Wanderer began the quest for the
                  | Orb.
     0 | D:1      | NinjaNoafa set off with the following items: a +0 club, a
                  | scroll of butterflies, a +0 buckler; and the following
                  | spells available to memorise: Sandblast, Necrotise, Stone
                  | Arrow, Vampiric Draining, Leda's Liquefaction.
     0 | D:1      | Reached XP level 1. HP: 14/14 MP: 4/4
    41 | D:1      | Learned a level 1 spell: Sandblast
   328 | D:1      | Reached XP level 2. HP: 14/20 MP: 4/6
   800 | D:2      | Found a faded altar of an unknown god.
  1267 | D:2      | Reached XP level 3. HP: 26/26 MP: 3/7
  1689 | D:3      | Noticed a fire elemental
  1691 | D:3      | Found a stormy altar of Qazlal.
  1692 | D:3      | Noticed a water elemental
  1692 | D:3      | Noticed an earth elemental
  1692 | D:3      | Noticed an air elemental
  2264 | D:3      | Reached XP level 4. HP: 8/33 MP: 3/8
  2686 | D:3      | Became a worshipper of Qazlal Stormbringer
  2718 | D:4      | Reached skill level 5 in Earth Magic
  2718 | D:4      | Reached XP level 5. HP: 38/38 MP: 7/9
  2748 | D:4      | Learned a level 1 spell: Necrotise
  2958 | D:4      | Reached XP level 6. HP: 18/45 MP: 3/10
  3141 | D:4      | Found a sand-covered staircase.
  3149 | Ossuary  | Entered an ossuary
  3149 | Ossuary  | Noticed a wraith
  3149 | Ossuary  | Noticed a wraith
  3149 | Ossuary  | Noticed a wraith
  3248 | Ossuary  | Reached skill level 5 in Necromancy
  3463 | Ossuary  | Noticed a wraith
  3480 | Ossuary  | Killed a wraith
  3480 | Ossuary  | Killed by an exploding butterfly... ignited by their inner
                  | flame

Illustrated notes

Levels and vault maps discovered:
D:1:      minmay_arrival_checkered_box, layout_loops_ring
D:2:      layout_loops_cross, chequers_ecumenical_altar_simple_redux
D:3:      layout_basic, nicolae_qazlal_style_of_elements
D:4:      layout_rooms, nicolae_ossuary_entry_catacombs
Ossuary:  ossuary_kennysheep_city_of_the_dead

Skill      XL: |  1  2  3  4  5  6 |
---------------+-------------------+-----
Shields        | 3 |  3.0
Necromancy     | 2 3 4 5 |  5.1
Earth Magic    | 5 |  5.2
Spellcasting   | |  3.0

Action                   |  1- 3 |  4- 6 || total
-------------------------+-------+-------++-------
Melee: Club              |    17 |       ||    17
       Tailslap          |     2 |     6 ||     8
       Dagger            |       |     5 ||     5
       Short sword       |       |    17 ||    17
 Cast: Sandblast         |    57 |    61 ||   118
       Necrotise         |       |     1 ||     1
  Use: Potion            |       |     7 ||     7
       Scroll            |       |     5 ||     5
Armor: Skin              |    16 |    17 ||    33
Dodge: Dodged            |    26 |    30 ||    56
Block: Buckler           |    11 |    10 ||    21
